AoeStats
← keda

Arena

504084810Analyzed
3v3 RM · 29d ago on Sep 3, 2026· 87m 9s· 6 players
Game mode
Random Map
Map size
Normal (6 player)
Population
200
Speed
Normal
Resources
Standard
Victory
Conquest
Starting age
Dark Age
Ending age
Imperial Age
RankedLock teamsTeams togetherTeam positionsShared explorationLock speedFull tech treeHidden civsTurbo modeCheats
Victory
Defeat
🇺🇸 Mapuche · United States
635
+11
🇧🇷 Jurchens · Brazil
562
+14
🇺🇸 Vietnamese · United States
468
+18
🇵🇭 Khmer · Philippines
617
-37
🇵🇭 Bohemians · Philippines
474
-12
🇵🇭 Burgundians · Philippines
472
-12
Myvt365
0:28 Loom
11:48 Feudal Age
13:46 Wheelbarrow
15:53 Horse Collar
16:25 Double-Bit Axe
17:43 Stone Mining
18:14 Gold Mining
21:22 Fletching
21:44 Padded Archer Armor
29:18 Castle Age
29:17 Forging
33:14 Hand Cart
33:07 Caravan
33:39 Coinage
33:17 Heavy Plow
33:32 Bow Saw
35:21 Leather Archer Armor
35:02 Bodkin Arrow
35:43 Iron Casting
37:34 Malon
39:37 Ballistics
43:40 Imperial Age
44:36 Butalmapu
44:52 Conscription
45:11 Ring Archer Armor
45:42 Blast Furnace
44:43 Elite Bolas Rider
46:51 Chemistry
46:31 Banking
46:42 Crop Rotation
49:00 Elite Kona
49:36 Heavy Scorpion
71:24 Gold Shaft Mining
71:25 Stone Shaft Mining
84:22 Onager
GUSTAVO-nardes
0:28 Loom
11:23 Feudal Age
20:27 Castle Age
21:56 Double-Bit Axe
27:55 Fletching
28:11 Scale Barding Armor
36:04 Imperial Age
35:21 Pikeman
42:32 Chemistry
44:59 Elite Iron Pagoda
50:21 Halberdier
57:32 Light Cavalry
67:24 Chain Barding Armor
67:00 Bodkin Arrow
67:16 Forging
67:06 Scale Mail Armor
67:07 Padded Archer Armor
76:03 Hussar
NWOrphan
12:57 Feudal Age
13:40 Horse Collar
13:48 Double-Bit Axe
18:59 Loom
21:34 Castle Age
20:02 Town Watch
23:38 Heavy Plow
23:51 Bow Saw
24:24 Caravan
24:57 Gold Mining
25:56 Crossbowman
26:42 Thumb Ring
28:54 Stone Mining
30:18 Fletching
30:29 Padded Archer Armor
33:43 Wheelbarrow
37:13 Imperial Age
35:03 Leather Archer Armor
36:25 Hand Cart
37:51 Arbalester
38:33 Bodkin Arrow
39:09 Ring Archer Armor
38:47 Scale Mail Armor
38:55 Squires
40:25 Town Patrol
40:40 Bracer
41:42 Paper Money
41:53 Paper Money
43:41 Crop Rotation
44:07 Stone Shaft Mining
42:56 Elite Rattan Archer
43:07 Elite Skirmisher
44:18 Chain Mail Armor
44:17 Forging
44:06 Elite Fire Lancer
46:38 Iron Casting
46:34 Plate Mail Armor
47:37 Imperial Skirmisher
51:38 Two-Man Saw
50:26 Pikeman
52:42 Halberdier
Bakkenn
10:57 Feudal Age
10:10 Double-Bit Axe
11:25 Wheelbarrow
11:28 Horse Collar
16:04 Bow Saw
16:35 Gold Mining
19:20 Castle Age
18:32 Gold Shaft Mining
18:04 Heavy Plow
18:46 Scale Barding Armor
19:18 Stone Mining
23:06 Stone Shaft Mining
26:12 Stone Shaft Mining
28:20 Hand Cart
27:42 Cavalier
28:24 Husbandry
28:40 Forging
31:31 Chain Barding Armor
31:47 Iron Casting
32:01 Squires
37:08 Pikeman
38:10 Scale Mail Armor
37:59 Treadmill Crane
42:54 Two-Man Saw
46:38 Imperial Age
43:54 Loom
45:25 Chain Mail Armor
45:22 Masonry
45:35 Ballistics
46:38 Burgundian Vineyards
48:00 Conscription
48:25 Plate Mail Armor
48:55 Blast Furnace
48:31 Plate Barding Armor
49:11 Chemistry
47:39 Halberdier
49:21 Hoardings
49:52 Architecture
49:36 Fortified Wall
49:23 Murder Holes
49:41 Caravan
50:12 Coinage
49:47 Paladin
51:36 Crop Rotation
52:02 Light Cavalry
54:34 Banking
54:21 Hussar
58:18 Bombard Tower
Isdapatay
12:23 Feudal Age
10:39 Loom
13:49 Double-Bit Axe
13:45 Horse Collar
19:17 Castle Age
22:22 Bow Saw
22:22 Heavy Plow
30:07 Imperial Age
29:26 Pikeman
30:14 Squires
32:15 Two-Man Saw
32:05 Halberdier
34:15 Wheelbarrow
34:16 Crossbowman
35:44 Hand Cart
36:42 Arbalester
39:29 Elite Hussite Wagon
45:45 Chemistry
46:29 Houfnice
48:10 Caravan
48:40 Coinage
58:23 Man-at-Arms
59:07 Long Swordsman
60:11 Two-Handed Swordsman
62:18 Champion
keda
9:07 Loom
12:20 Feudal Age
16:43 Wheelbarrow
17:26 Scale Mail Armor
18:33 Double-Bit Axe
18:50 Gold Mining
23:51 Castle Age
22:10 Horse Collar
25:39 Bow Saw
26:09 Gold Shaft Mining
26:04 Forging
31:09 Caravan
30:57 Crossbowman
31:03 Elite Skirmisher
31:50 Husbandry
31:15 Pikeman
31:43 Arson
31:20 Man-at-Arms
37:07 Stone Mining
42:36 Imperial Age
43:02 Tusk Swords
43:38 Hand Cart
46:34 Town Watch
47:38 Iron Casting
47:19 Chain Mail Armor
47:09 Scale Barding Armor
49:19 Chemistry
48:40 Ballistics
48:17 Murder Holes
48:45 Halberdier
48:46 Long Swordsman
51:47 Devotion
51:58 Fervor
51:48 Herbal Medicine
55:45 Arbalester
55:46 Heavy Cavalry Archer
56:53 Parthian Tactics
62:20 Hoardings
Connection lost

Rejoining the realm…

Still unreachable

The connection could not be restored.

Session expired

The server has moved on; the page needs a fresh start.